Construct Section Command Post
Construct Platoon Command Post
Selects Air and Sea Battlegroup
Selects Air and Sea Battlegroup
Construct Field Infirmary
Unlock Bishop Self-propelled Artillery
Selects Commando Section Paradrop
Bishop Self-propelled Artillery
Bishop Self-propelled Artillery
6-pounder Anti-tank Gun Team
Selects M1 Pack Howitzer Paradrop
Construct Field Infirmary
Selects Incendiary Bombing Run
Bishop Self-propelled Artillery
Construct Company Command Post
Construct Company Command Post